 Dungeon Crawl Stone Soup version 0.14-a0-1637-gd423c14 (webtiles) character file.

2876 4tharraofdagon the Arsonist (level 9, -10/62 HPs)
             Began as a Demigod Fire Elementalist on Dec 26, 2013.
             Mangled by a wyvern (12 damage)
             ... on Level 9 of the Dungeon.
             The game lasted 00:21:36 (3010 turns).

4tharraofdagon the Arsonist (DgFE)                  Turns: 3010, Time: 00:21:37

HP -10/62        AC  4     Str 12      XL: 9   Next: 12%
MP   8/21        EV 11     Int 27      God:
Gold 268         SH  0     Dex 15      Spells:  4 memorised,  5 levels left

rFire  . . .     SeeInvis .     E - +9,+2 cutlass of Drought {slice, Int+3}
rCold  + . .     Clarity  .     A - +0 leather armour
rNeg   . . .     Conserve .     (no shield)
rPois  .         rCorr    .     f - +0 helmet
rElec  .         rRot     .     (no cloak)
SustAb . .       Spirit   .     (no gloves)
rMut   .         Warding  .     (no boots)
Saprov . . .     Stasis   .     (no amulet)
                                (no ring)
                                (no ring)

@: liquid flames, very slightly contaminated, glowing, quite resistant to
hostile enchantments, very unstealthy
A: clumsy 1, cold resistance 1, low mp 1, magic resistance 1, screaming 1
a: no special abilities


You were on level 9 of the Dungeon.
You were very hungry.

You visited 1 branch of the dungeon, and saw 9 of its levels.

You collected 268 gold pieces.

Inventory:

Hand weapons
 e - a +1,+1 hand axe of chopping
 v - the +3,+7 trident "Goblinbane" {flame, rC+ SInv Stlth++ Curse}
   (You found it on level 7 of the Dungeon)

   It emits flame when wielded, causing extra injury to most foes and up to
   double damage against particularly susceptible opponents.
   It protects you from cold.
   It enhances your eyesight.
   It may recurse itself.
   It makes you much more stealthy.
 y - a +0,+0 falchion of slicing
 B - a +0,+3 elven anti-magic dagger
 D - a +0 blowgun
 E - the +9,+2 cutlass of Drought (weapon) {slice, Int+3}
   (You found it on level 7 of the Dungeon)

   It inflicts extra damage upon your enemies.
   It affects your intelligence (+3).
Missiles
 C - 19 darts (quivered)
Armour
 a - a +0 robe
 f - a +0 helmet (worn)
 A - a +0 leather armour (worn)
 G - a +0 orcish leather armour
Magical devices
 h - a wand of polymorph (7)
 l - a wand of fireball (0)
 t - a wand of cold (0)
Comestibles
 c - 3 bread rations
 d - a royal jelly
 r - a meat ration
Scrolls
 i - a scroll of enchant weapon I {unknown}
 j - a scroll of fear {unknown}
 m - a scroll of curse jewellery {unknown}
 p - a scroll of noise {unknown}
 s - a scroll of remove curse
 I - a scroll of identify
Potions
 k - a potion of brilliance {unknown}
 n - a potion of might
 o - 2 potions of magic
 w - a potion of degeneration
 z - a potion of lignification {unknown}
 K - a potion of curing
Books
 b - a book of Flames

   Spells                             Type                      Level
   *Flame Tongue                      Conjuration/Fire             1
   Throw Flame                        Conjuration/Fire             2
   *Conjure Flame                     Conjuration/Fire             3
   Inner Flame                        Hexes/Fire                   3
   *Sticky Flame                      Conjuration/Fire             4
   *Fireball                          Conjuration/Fire             5


   Skills:
 - Level 1.7 Dodging
 - Level 1.7 Stealth
 + Level 5.0 Spellcasting
 * Level 7.2 Conjurations
 * Level 8.1 Fire Magic


You had 5 spell levels left.
You knew the following spells:

 Your Spells              Type           Power        Failure   Level  Hunger
a - Flame Tongue          Conj/Fire      #####        1%          1    None
b - Conjure Flame         Conj/Fire      #####...     1%          3    ##.....
c - Sticky Flame          Conj/Fire      #####...     3%          4    ###....
d - Fireball              Conj/Fire      #####.....   12%         5    #####..


Dungeon Overview and Level Annotations

Branches:
Dungeon (9/16)             Temple (0/1) D:5
    Orc: D:9-12        Lair: D:8-11

Shops:
D:4 }

Annotations:
D:8 exclusion: ice statue


Innate Abilities, Weirdness & Mutations

You are clumsy. (Dex -2)
Your flesh is cold resistant.
Your magical capacity is low (-10% MP).
You are resistant to hostile enchantments.
You occasionally shout uncontrollably.


Message History

The mottled dragon barely misses you. The mottled dragon claws you.
* * * LOW HITPOINT WARNING * * *
Unknown command.
Drink which item? (? for menu, Esc to quit)
You feel better.
You are covered in liquid flames!
One of your 2 scrolls of remove curse catches fire!
* * * LOW HITPOINT WARNING * * *
The mottled dragon closely misses you.
The mottled dragon claws you but does no damage.
Unknown command.
Evoke which item? (* to show all) (? for menu, Esc to quit)
Zapping:
h - a wand of polymorph {zapped: 5}
Press: ? - help, Shift-Dir - straight line, f/p - mottled dragon
Aim: a mottled dragon (severely wounded, catching its breath)
The mottled dragon evaporates and reforms as a wyvern!
You are covered in liquid flames!
* * * LOW HITPOINT WARNING * * *
The wyvern bites you!
You die...

####.#####..)....
#.##.##.##.......
#.......%'..)....
#.##.##.##.......
###
####%#####.....(.
%. #...# ########
#. ####.#### #
#(##C##.##.##.# #
#...sD@.......# #
#.##.##.##.##.# #
#. ####.#### # ..
#(..# # ##. #####
# #g # ..
############# #5
#............ O
#..........(.


You could see a hill giant, a wyvern and a scorpion.

Vanquished Creatures
  Eustachio (D:6)
  A hill giant skeleton (D:8)
  A vampire mosquito (D:9)
  A necrophage (D:6)
  An orc warrior (D:9)
  5 sky beasts
  An ice beast (D:6)
  3 centaurs
  2 ogres
  Duvessa (D:8)
  3 giant frogs
  A gnoll sergeant (D:4)
  A water moccasin (D:7)
  A wight (D:9)
  A goliath beetle (D:6)
  A quasit (D:8)
  Dowan (D:8)
  2 crimson imps (D:9)
  2 hounds
  An orc priest (D:4)
  An orc wizard (D:7)
  2 worker ants
  2 scorpions
  2 iguanas
  A hound zombie (D:6)
  A hound skeleton (D:4)
  3 gnolls (D:4)
  2 giant centipedes
  4 adders
  A giant mite (D:2)
  A goliath beetle zombie (D:7)
  A worm (D:2)
  A white imp (D:9)
  A scorpion zombie (D:9)
  A giant eyeball (D:6)
  3 giant geckos
  10 orcs
  4 bats
  A bat skeleton (D:5)
  3 giant cockroaches
  3 hobgoblins
  3 quokkas
  3 giant newts
  7 goblins
  A goblin skeleton (D:5)
  A hobgoblin skeleton (D:6)
  10 jackals
  9 kobolds
  6 rats
119 creatures vanquished.

Notes
Turn   | Place    | Note
--------------------------------------------------------------
     0 | D:1      | 4tharraofdagon, the Demigod Fire Elementalist, began the quest for the Orb.
     0 | D:1      | Reached XP level 1. HP: 14/14 MP: 3/3
    93 | D:2      | Reached skill level 1 in Conjurations
   133 | D:2      | Reached skill level 3 in Fire Magic
   169 | D:2      | Reached XP level 2. HP: 17/20 MP: 0/4
   412 | D:3      | Found a shimmering altar of Xom.
   412 | D:3      | Found a deep blue altar of Sif Muna.
   526 | D:2      | Found a shattered altar of Ashenzari.
   604 | D:4      | Reached XP level 3. HP: 26/26 MP: 4/8
   620 | D:5      | Entered Level 5 of the Dungeon
   652 | D:4      | Learned a level 3 spell: Conjure Flame
   664 | D:4      | Reached XP level 4. HP: 33/33 MP: 3/10
   758 | D:4      | Noticed an ogre
   777 | D:4      | Found Raeqimad's Gadget Shoppe.
   814 | D:4      | Killed an ogre
   814 | D:4      | Reached skill level 4 in Fire Magic
   814 | D:4      | Reached XP level 5. HP: 33/38 MP: 0/12
   875 | D:4      | Learned a level 4 spell: Sticky Flame
  1024 | D:4      | Noticed a gnoll sergeant
  1037 | D:4      | Killed a gnoll sergeant
  1181 | D:5      | Noticed a centaur
  1187 | D:5      | Killed a centaur
  1187 | D:5      | Reached XP level 6. HP: 23/45 MP: 9/16
  1225 | D:5      | Found a staircase to the Ecumenical Temple.
  1359 | D:6      | Reached skill level 5 in Fire Magic
  1579 | D:6      | Reached XP level 7. HP: 50/50 MP: 12/19
  1620 | D:6      | Noticed Eustachio
  1626 | D:6      | Paralysed by a giant eyeball for 2 turns
  1660 | D:6      | Killed Eustachio
  1701 | D:6      | Learned a level 5 spell: Fireball
  1738 | D:6      | Reached skill level 5 in Conjurations
  1782 | D:6      | Reached skill level 6 in Fire Magic
  1886 | D:7      | Found a basalt altar of Yredelemnul.
  1942 | D:7      | Got an iridescent cutlass
  1943 | D:7      | Identified the +9,+2 cutlass of Drought {slice, Int+3} (You found it on level 7 of the Dungeon)
  2034 | D:7      | Reached XP level 8. HP: 50/57 MP: 11/21
  2084 | D:7      | Got a faintly glowing trident
  2089 | D:7      | Identified the cursed +3,+7 trident "Goblinbane" {flame, rC+ SInv Stlth++ Curse} (You found it on level 7 of the Dungeon)
  2146 | D:8      | Noticed Dowan
  2163 | D:8      | Killed Dowan
  2169 | D:8      | Noticed Duvessa
  2176 | D:8      | Killed Duvessa
  2240 | D:8      | Reached skill level 7 in Fire Magic
  2328 | D:8      | Noticed an ice statue
  2469 | D:8      | Gained mutation: Your magical capacity is low (-10% MP). [mutagenic meat]
  2470 | D:8      | Gained mutation: Your flesh is cold resistant. [mutagenic meat]
  2471 | D:8      | Gained mutation: You are clumsy. (Dex -2) [mutagenic meat]
  2472 | D:8      | Gained mutation: You are resistant to hostile enchantments. [mutagenic meat]
  2473 | D:8      | Gained mutation: You occasionally shout uncontrollably. [mutagenic meat]
  2797 | D:9      | Reached XP level 9. HP: 4/62 MP: 12/20
  2973 | D:9      | Reached skill level 8 in Fire Magic
  2996 | D:9      | Reached skill level 5 in Spellcasting
  3005 | D:9      | Noticed a hill giant
  3007 | D:9      | Noticed an ogre mage
  3008 | D:9      | HP: 1/62 [mottled dragon (3)]
  3010 | D:9      | Mangled by a wyvern

Action                   |  1- 3 |  4- 6 |  7- 9 || total
-------------------------+-------+-------+-------++-------
Melee: Unarmed           |    12 |       |       ||    12
       Hand axe          |    10 |    35 |     9 ||    54
       Cutlass           |       |       |    54 ||    54
       Trident           |       |       |    14 ||    14
 Cast: Flame Tongue      |    32 |    66 |    38 ||   136
       Conjure Flame     |       |     3 |     5 ||     8
       Sticky Flame      |       |     4 |    33 ||    37
       Fireball          |       |       |     5 ||     5
Evoke: Wand              |     4 |     9 |     7 ||    20
  Use: Potion            |     2 |       |     2 ||     4
       Scroll            |       |     3 |     2 ||     5
 Stab: Sleeping          |       |       |     1 ||     1
